 Dungeon Crawl Stone Soup version 0.22-a0-469-gf26638a (webtiles) character file.

209390 Mgcat the Executioner (level 18, -2/163 HPs)
             Began as a Minotaur Berserker on June 11, 2018.
             Was a High Priest of Trog.
             Succumbed to a ghost moth's poison
             ... on level 4 of the Spider Nest.
             The game lasted 01:09:05 (30307 turns).

Mgcat the Executioner (Minotaur Berserker)         Turns: 30307, Time: 01:09:06

Health: -2/163     AC: 40    Str: 25    XL:     18   Next: 15%
Magic:  2/28       EV: 10    Int:  8    God:    Trog [*****.]
Gold:   569        SH:  0    Dex: 14    Spells: 17/17 levels left

rFire    . . .     SeeInvis .   L - +7 executioner's axe "Vaycrih" {flame, rC+}
rCold    + . .     Gourm    .   (shield currently unavailable)
rNeg     . . .     Faith    .   P - +15 Maxwell's patent armour {-Cast -Tele rElec MR+ rCorr}
rPois    .         Spirit   .   k - +1 hat
rElec    +         Reflect  .   K - +1 cloak
rCorr    +         Harm     .   D - +1 pair of gloves {Dex+3}
MR       ++++.     NoTele   +   (no boots) Stlth ..........NoCast +
                                B - amulet of magic regeneration
HPRegen  1.37/turn              m - +3 ring of protection
MPRegen  0.46/turn              S - +5 ring of evasion

@: lethally poisoned (-2 -> -54), berserk cooldown, held, regenerating, slowed,
very slow
A: retaliatory headbutt, horns 2
}: 1/15 runes: decaying
a: Berserk, Trog's Hand, Brothers in Arms, Renounce Religion


You were on level 4 of the Spider Nest.
You worshipped Trog.
Trog was extremely pleased with you.
You were very hungry.

You visited 5 branches of the dungeon, and saw 31 of its levels.
You visited the Abyss 1 time.
You visited 1 bazaar.

You collected 3152 gold pieces.
You spent 2583 gold pieces at shops.

Inventory:

Hand Weapons
 L - the +7 executioner's axe "Vaycrih" (weapon) {flame, rC+}
   (Trog gifted it to you on level 15 of the Dungeon)

   It has been specially enchanted to burn those struck by it, causing extra
   injury to most foes and up to half again as much damage against particularly
   susceptible opponents.
   Big, fiery blades are also staple armaments of hydra-hunters.
   It protects you from cold.
Missiles
 r - 3 throwing nets {=f, !d}
Armour
 k - a +1 hat (worn)
   (You found it on level 12 of the Dungeon)
 t - +4 pearl dragon scales
   (You found it on level 5 of the Dungeon)
 D - a +1 pair of gloves of dexterity (worn)
   (You found it on level 15 of the Dungeon)
 K - a +1 cloak (worn)
   (You found it on level 4 of the Lair of Beasts)
 P - the +15 Maxwell's patent armour (worn) {-Cast -Tele rElec MR+ rCorr}
   (You found it on level 6 of the Lair of Beasts)

   It insulates you from electricity.
   It affects your resistance to hostile enchantments.
   It prevents spellcasting.
   It prevents most forms of teleportation.
   It protects you from acid and corrosion.
Jewellery
 i - an uncursed ring of protection from fire {rF+, !d}
   (You found it on level 1 of the Dungeon)
 m - a +3 ring of protection (left hand)
   (You found it on level 5 of the Dungeon)
 B - an amulet of magic regeneration (around neck)
   (You took it off a centaur on level 10 of the Dungeon)
 N - an uncursed ring of poison resistance {rPois, !d}
   (You found it on level 5 of the Lair of Beasts)
 S - a +5 ring of evasion (right hand)
   (You found it on level 6 of the Lair of Beasts)
Wands
 f - a wand of iceblast (9)
   (You took it off Erica on level 8 of the Dungeon)
 n - a wand of acid (12)
   (You found it on level 1 of the Spider Nest)
Scrolls
 a - 19 scrolls of identify
 g - 17 scrolls of remove curse
 p - a scroll of enchant weapon
 x - 9 scrolls of teleportation
 A - 2 scrolls of blinking {!r}
 F - a scroll of holy word {!r}
 H - 2 scrolls of magic mapping {!r}
 I - 4 scrolls of fear
 M - 7 scrolls of fog
Potions
 b - 11 potions of heal wounds
 d - 4 potions of agility
 e - 9 potions of curing
 h - 11 potions of lignification {!q}
 j - 11 potions of haste
 l - 7 potions of might
 o - a potion of flight
 q - 3 potions of cancellation
 s - a potion of ambrosia
 u - a potion of magic {unknown}
 w - 3 potions of resistance
 z - 3 potions of mutation {!q}
 J - 2 potions of invisibility
Miscellaneous
 C - a lamp of fire
   (You found it on level 10 of the Dungeon)
Comestibles
 c - 49 rations
 v - 3 chunks of flesh {@w0}


   Skills:
 + Level 15.4 Fighting
 + Level 22.4 Axes
 + Level 13.6 Armour
 + Level 12.8 Dodging
 - Level 15.0 Evocations


You had 17 spell levels left.
You didn't know any spells.
Your spell library was empty.

Dungeon Overview and Level Annotations

Branches:
Dungeon (15/15)            Temple (0/1) D:5            Lair (6/6) D:9
  Swamp (4/4) Lair:4       Spider (4/4) Lair:2        Slime (0/5) Lair:5
    Orc (2/2) D:12            Elf (0/3) Orc:2        Vaults (0/5) D:13
 Depths (0/5) D:15

Altars:
Ashenzari
Cheibriados
Fedhas
Gozag
Kikubaaqudgha
Makhleb
Okawaru
Sif Muna
Trog
Uskayaw
Vehumet
Xom
Yredelemnul
Beogh
Jiyva

Shops:
D:5 }   D:13 :==   Orc:1 !!%   Orc:2 [(!(

Portals:
Trove: D:13 (give +2 gold dragon scales)

Annotations:
Swamp:4 Lernaean hydra


Innate Abilities, Weirdness & Mutations

You reflexively headbutt those who attack you in melee.
You have a pair of horns on your head.


Message History

You feel sick.
You feel you are being watched by something.
You feel your power leaking away.
You slice the emperor scorpion!! You burn the emperor scorpion.
You headbutt the emperor scorpion.
The emperor scorpion is heavily wounded.
You barely miss something.
You feel sick. The emperor scorpion stings you!
You are more poisoned.
The emperor scorpion poisons you! The emperor scorpion misses you.
The emperor scorpion claws you but does no damage.
You feel you are being watched by something.
Something hits you.
Deactivating autopickup; reactivate with Ctrl-A.
Something hits you but does no damage.
Something stings you but does no damage.
You hit the emperor scorpion. You burn the emperor scorpion.
You headbutt the emperor scorpion, but do no damage.
The emperor scorpion is severely wounded.
You barely miss something.
You feel very sick.
The emperor scorpion stings you but does no damage.
The emperor scorpion barely misses you. The emperor scorpion misses you.
You closely miss the emperor scorpion. You headbutt the emperor scorpion.
The emperor scorpion is severely wounded.
You slice something!! You burn something!
You feel sick.
You feel you are being watched by something.
You feel your power leaking away.
Something hits you but does no damage. x2
Something stings you but does no damage.
You barely miss the emperor scorpion.
The emperor scorpion is severely wounded.
You barely miss something.
You feel very sick.
You feel you are being watched by something.
Something hits you but does no damage. x2; Something completely misses you.
The emperor scorpion completely misses you.
You furiously retaliate!
You headbutt the emperor scorpion. The emperor scorpion claws you.
The emperor scorpion misses you.
You barely miss the emperor scorpion. You headbutt the emperor scorpion!
The emperor scorpion is almost dead.
You hit something. You burn something.
You feel very sick.
You feel you are being watched by something.
Something closely misses you. Something hits you but does no damage.
Something stings you but does no damage.
You slice the emperor scorpion!! You burn the emperor scorpion!
You kill the emperor scorpion!
Trog accepts your kill.
You slice something!! You burn something.
You feel very sick.
A wolf spider comes into view.
The orb spider weaves a glowing orb of energy.
An orb of destruction comes into view.
You miss something. Your headbutt misses something.
You feel sick.
You feel you are being watched by something.
You feel your power leaking away. Something closely misses you.
Something hits you but does no damage. Something stings you.
You are more poisoned.
Something poisons you!
You chop something into pieces!!! You burn something. Trog accepts your kill.
Reactivating autopickup.
You feel a bit more experienced.
You closely miss the wolf spider.
You feel very sick. The wolf spider closely misses you.
The wolf spider barely misses you.
You slice the wolf spider!! You burn the wolf spider.
Your headbutt misses the wolf spider.
The wolf spider is heavily wounded.
You feel very sick. The orb of destruction hits you!
* * * LOW HITPOINT WARNING * * *
You barely miss the wolf spider. You headbutt the wolf spider!
The wolf spider is severely wounded.
* * * LOW HITPOINT WARNING * * *
You feel very sick.
The orb spider weaves a glowing orb of energy.
The wolf spider hits you but does no damage.
The wolf spider misses you.
An orb of destruction comes into view.
You completely miss the wolf spider.
You kill the wolf spider!
Trog accepts your kill.
* * * LOW HITPOINT WARNING * * *
You feel very sick.
You are caught in the web!
* * * LOW HITPOINT WARNING * * *
You feel very sick.
There is a web, spattered with blood here.
You disentangle yourself.
You feel a strong urge to attack something.
* * * LOW HITPOINT WARNING * * *
You feel very sick. The orb of destruction hits you!
* * * LOW HITPOINT WARNING * * *
You are caught in the web!
You are no longer berserk.
You are exhausted.
You feel yourself slow down.
You die...

..###....≈≈≈≈##
≈###≈...≈≈#### ### .#
#....≈## ..## .^
#≈≈...# ...≈. ##≈...#
...## ##^.≈####
s....≈ #≈.†..≈####
#s..^..
###≈≈.....####§§....#
######..)@^§†..#
###≈.†..### #######


There were no monsters in sight!

Vanquished Creatures
  Nikola (Swamp:3)
  Jorgrun (Swamp:4)
  A tentacled monstrosity (Swamp:3)
  A thorn hunter (Swamp:4)
  Agnes (Spider:2)
  Kirke (Swamp:2)
  Donald (Spider:2)
  Louise (Swamp:1)
  2 ghost moths (Spider:4)
  6 emperor scorpions
  An orc warlord (Orc:1)
  2 entropy weavers (Spider:2)
  A spark wasp (Spider:3)
  A fire dragon (Lair:6)
  A vault guard (D:13)
  3 ogre magi
  An ice dragon (Lair:6)
  Fannar (Lair:2)
  Erica (D:8)
  2 ghost crabs
  20 hydras
  19 two-headed ogres
  A death knight (D:15)
  4 centaur warriors
  2 tengu warriors
  13 alligators
  7 spriggans
  3 skeletal warriors
  2 spriggan druids (Swamp:3)
  2 deep trolls (Orc:2)
  2 unseen horrors (D:11)
  2 shambling mangroves (Swamp:4)
  10 swamp dragons
  2 lindwurms (Lair:6)
  2 phantasmal warriors (D:15)
  5 deep elf magi
  Pikel (D:5)
  A necromancer (D:15)
  18 wolf spiders
  An orc sorcerer (Orc:1)
  6 ugly things
  13 orb spiders
  A stone giant zombie (D:15)
  A fire giant zombie (D:15)
  5 cyclopes
  3 moths of wrath
  A frost giant skeleton (D:15)
  3 manticores
  An eye of devastation (Lair:5)
  9 black mambas
  8 torpor snails
  13 spiny frogs
  2 gargoyles
  3 kobold demonologists
  14 komodo dragons
  A komodo dragon (shapeshifter) (D:11)
  3 rime drakes
  A yaktaur skeleton (D:15)
  An efreet (D:15)
  A freezing wraith (D:15)
  9 demonic crawlers
  3 tengu conjurers
  3 meliai (D:15)
  3 polar bears
  15 trolls
  31 jumping spiders
  20 hornets
  A harpy skeleton (D:15)
  13 tyrant leeches
  Prince Ribbit (D:5)
  A polar bear (shapeshifter) (D:10)
  19 slime creatures
  5 bog bodies
  10 dream sheep
  12 hippogriffs
  68 redbacks
  14 blink frogs
  A centaur simulacrum (D:10)
  3 shadows
  25 tarantellas
  A vampire (D:12)
  3 wraiths
  4 wyverns
  45 yaks
  A human (D:7)
  5 basilisks
  7 hogs
  24 vampire mosquitoes
  A steam dragon (D:9)
  5 hungry ghosts
  Menkaure (D:5)
  A soldier ant (D:11)
  20 swamp worms
  6 insubstantial wisps (Swamp:4)
  2 acid dragons
  3 wargs
  10 water moccasins
  6 porcupines
  22 orc warriors
  3 sky beasts
  17 swamp drakes
  3 eyes of draining
  3 ice beasts
  2 black bears
  A slave (D:5)
  2 necrophages
  A boggart (shapeshifter) (D:10)
  4 wolves (Lair:6)
  34 ogres
  17 centaurs
  15 crocodiles
  Blork the orc (D:6)
  6 big kobolds
  13 bullfrogs
  A gnoll sergeant (D:8)
  A wyvern zombie (D:14)
  2 scorpions
  A water moccasin skeleton (D:13)
  A wyvern skeleton (D:13)
  21 killer bees
  14 wights
  3 electric eels
  5 howler monkeys
  6 crimson imps
  A bullfrog zombie (D:11)
  6 centaur zombies
  6 centaur skeletons
  15 orc priests
  9 hounds
  11 jellies
  2 bullfrog skeletons
  6 iguanas
  10 worker ants
  24 orc wizards
  A hound zombie (D:11)
  A hound skeleton (D:4)
  A killer bee simulacrum (D:10)
  A worker ant zombie (D:11)
  17 adders
  11 gnolls
  2 howler monkey skeletons
  4 shadow imps
  2 oozes (D:3)
  An adder skeleton (D:4)
  An adder zombie (D:5)
  2 dart slugs
  3 worms
  8 leopard geckos
  76 orcs
  9 giant cockroaches
  12 goblins
  13 hobgoblins
  13 jackals
  7 quokkas
  9 bats
  7 frilled lizards
  A jackal skeleton (D:8)
  32 kobolds
  A quokka skeleton (D:4)
  A quokka zombie (D:6)
  6 rats
  A butterfly (Lair:1)
  A fungus (Lair:6)
  2 plants (Lair:6)
  A withered plant (D:15)
1175 creatures vanquished.

Vanquished Creatures (collateral kills)
  the Lernaean hydra (Swamp:4)
  A moth of wrath (Spider:3)
  3 tyrant leeches (Spider:3)
  3 yaks (Lair:4)
  A swamp worm (Spider:3)
9 creatures vanquished.

Vanquished Creatures (others)
  A hydra (Swamp:3)
  A wizard (D:9)
  A hornet (Swamp:4)
  A redback (Spider:4)
  A spriggan (Swamp:3)
  A bullfrog skeleton (D:5)
  An iguana (Lair:6)
  2 worker ants (D:5)
  A giant cockroach zombie (D:5)
  2 fungi
  20 plants
32 creatures vanquished.

Grand Total: 1216 creatures vanquished

Notes
Turn   | Place    | Note
-------+----------+-------------------------------------------
     0 | D:1      | Mgcat the Minotaur Berserker began the quest for the Orb.
     0 | D:1      | Reached XP level 1. HP: 19/19 MP: 0/0
    16 | D:1      | Reached skill level 4 in Axes
   262 | D:1      | Reached XP level 2. HP: 26/26 MP: 1/1
   506 | D:1      | Reached skill level 5 in Axes
   538 | D:1      | Reached ** piety under Trog
   609 | D:1      | Reached XP level 3. HP: 31/31 MP: 2/2
   940 | D:2      | Found a burning altar of Makhleb.
  1018 | D:2      | Reached skill level 6 in Axes
  1018 | D:2      | Reached XP level 4. HP: 39/39 MP: 3/3
  1022 | D:2      | Reached skill level 7 in Axes
  1022 | D:2      | Reached XP level 5. HP: 32/45 MP: 4/4
  1546 | D:3      | Reached *** piety under Trog
  1723 | D:3      | Reached skill level 8 in Axes
  1842 | D:3      | Reached XP level 6. HP: 51/51 MP: 5/5
  1901 | D:3      | Found a snail-covered altar of Cheibriados.
  1907 | D:3      | Reached **** piety under Trog
  2181 | D:3      | Noticed an orc warrior
  2193 | D:3      | Killed an orc warrior
  2193 | D:3      | Reached skill level 9 in Axes
  2323 | D:3      | Found a basalt altar of Yredelemnul.
  2534 | D:4      | Reached XP level 7. HP: 48/57 MP: 6/6
  2789 | D:4      | Found an ancient bone altar of Kikubaaqudgha.
  2792 | D:4      | Found a deep blue altar of Sif Muna.
  2848 | D:5      | Entered Level 5 of the Dungeon
  2848 | D:5      | Noticed Pikel
  2861 | D:5      | Killed Pikel
  2861 | D:5      | Reached skill level 11 in Axes
  2861 | D:5      | Reached XP level 8. HP: 64/64 MP: 7/7
  3065 | D:5      | Found a staircase to the Ecumenical Temple.
  3067 | D:5      | Reached skill level 12 in Axes
  3078 | D:5      | Found Qichegakh's Gadget Shop.
  3093 | D:5      | Noticed Prince Ribbit
  3112 | D:5      | Killed Prince Ribbit
  3130 | D:5      | Found an iron altar of Okawaru.
  3130 | D:5      | Found an opulent altar of Gozag.
  3134 | D:5      | Reached skill level 13 in Axes
  3162 | D:5      | Noticed Menkaure
  3166 | D:5      | Killed Menkaure
  3624 | D:6      | Reached XP level 9. HP: 44/69 MP: 8/8
  3800 | D:6      | Received a gift from Trog
  3831 | D:6      | Reached skill level 14 in Axes
  3845 | D:6      | Reached skill level 4 in Fighting
  4055 | D:6      | Found a hide-covered altar of Uskayaw.
  4067 | D:6      | Reached skill level 5 in Fighting
  4122 | D:6      | Noticed Blork the orc
  4128 | D:6      | Killed Blork the orc
  4128 | D:6      | Reached skill level 3 in Armour
  4200 | D:6      | Found a blossoming altar of Fedhas.
  4200 | D:6      | Found a shattered altar of Ashenzari.
  4201 | D:6      | Found a bloodstained altar of Trog.
  4216 | D:6      | Got a polished leather armour
  4492 | D:7      | Reached skill level 4 in Armour
  4557 | D:7      | Reached skill level 5 in Armour
  4560 | D:7      | Reached skill level 3 in Dodging
  4562 | D:7      | Reached skill level 4 in Dodging
  4566 | D:7      | Reached skill level 5 in Dodging
  4799 | D:7      | Reached ***** piety under Trog
  5099 | D:7      | Reached XP level 10. HP: 80/80 MP: 9/9
  5241 | D:7      | Noticed a gargoyle
  5246 | D:7      | Killed a gargoyle
  5246 | D:7      | Reached skill level 15 in Axes
  5375 | D:8      | Noticed Erica
  5385 | D:8      | Killed Erica
  5767 | D:8      | Found a radiant altar of Vehumet.
  6197 | D:9      | Reached skill level 16 in Axes
  6469 | D:9      | Found a staircase to the Lair.
  6681 | D:9      | Found a bloodstained altar of Trog.
  6687 | D:9      | Noticed a wizard
  6692 | D:9      | Killed a wizard
  7037 | D:9      | Reached skill level 17 in Axes
  7463 | D:9      | Noticed a two-headed ogre
  7468 | D:9      | Killed a two-headed ogre
  7468 | D:9      | Reached XP level 11. HP: 87/87 MP: 10/10
  7668 | D:10     | Entered Level 10 of the Dungeon
  7727 | D:10     | Noticed a centaur warrior
  7741 | D:10     | Killed a centaur warrior
  7800 | D:10     | Reached skill level 18 in Axes
  7907 | D:10     | Noticed a deep elf mage
  7917 | D:10     | Killed a deep elf mage
  8103 | D:10     | Received a gift from Trog
  8108 | D:10     | Got a blackened broad axe {god gift}
  8109 | D:10     | Identified the +4 broad axe "Zaqezoat" {holy, MR+ Str+2} (Trog gifted it to you on level 10 of the Dungeon)
  8241 | D:10     | Reached skill level 19 in Axes
  8384 | D:10     | Found the +4 robe of Augmentation {Str+4 Int+4 Dex+4}
  8594 | D:11     | Noticed a cyan ugly thing
  8601 | D:11     | Killed a cyan ugly thing
  8657 | D:11     | Noticed a green ugly thing
  8670 | D:11     | Killed a green ugly thing
  8787 | D:11     | Reached XP level 12. HP: 77/93 MP: 11/11
  8789 | D:11     | Reached skill level 20 in Axes
  8811 | D:11     | Reached skill level 6 in Fighting
  8880 | D:11     | Noticed a two-headed ogre
  8888 | D:11     | Killed a two-headed ogre
  8888 | D:11     | Reached skill level 7 in Fighting
  8977 | D:11     | Reached skill level 8 in Fighting
  9085 | D:11     | Reached skill level 9 in Fighting
  9497 | D:11     | Reached skill level 10 in Fighting
  9500 | D:11     | Reached skill level 1 in Evocations
  9510 | D:11     | Received a gift from Trog
  9510 | D:11     | Reached skill level 2 in Evocations
  9517 | D:11     | Reached skill level 3 in Evocations
  9791 | Lair:1   | Entered Level 1 of the Lair of Beasts
  9805 | Lair:1   | Reached skill level 4 in Evocations
  9837 | Lair:1   | Reached skill level 5 in Evocations
 10263 | Lair:1   | Noticed an eight-headed hydra
 10272 | Lair:1   | Killed a ten-headed hydra
 10272 | Lair:1   | Reached skill level 6 in Evocations
 10697 | Lair:2   | Noticed Fannar
 10715 | Lair:2   | Killed Fannar
 10715 | Lair:2   | Reached skill level 7 in Evocations
 10715 | Lair:2   | Reached XP level 13. HP: 112/112 MP: 17/17
 11146 | Lair:2   | Found a hole to the Spider Nest.
 11214 | Lair:3   | Reached skill level 8 in Evocations
 11556 | Lair:3   | Reached skill level 9 in Evocations
 11643 | Lair:3   | Found the +8 whip "Snakebite" {curare, rPois}
 12095 | Lair:4   | Found a staircase to the Swamp.
 12203 | Lair:4   | Reached skill level 10 in Evocations
 12672 | Lair:5   | Found a staircase to the Slime Pits.
 12789 | Lair:5   | Received a gift from Trog
 12936 | Lair:5   | Reached skill level 11 in Evocations
 13383 | Lair:6   | Entered Level 6 of the Lair of Beasts
 13657 | Lair:6   | Found the +15 Maxwell's patent armour {-Cast -Tele rElec MR+ rCorr}
 13686 | Lair:6   | Reached skill level 12 in Evocations
 13714 | Lair:6   | Reached XP level 14. HP: 115/120 MP: 22/22
 14386 | Lair:6   | HP: 24/120 [fire dragon (7)]
 14388 | Lair:6   | Received a gift from Trog
 14391 | Lair:6   | HP: 20/120 [poisoned by a swamp dragon (poison gas)]
 14396 | Lair:6   | HP: 17/120 [poisoned by a swamp dragon (poison gas)]
 14912 | Lair:6   | Found a runed door.
 14931 | Lair:6   | Reached skill level 13 in Evocations
 14961 | Lair:6   | Paralysed by a hornet for 2 turns
 15961 | D:12     | Found a staircase to the Orcish Mines.
 17056 | Orc:1    | Entered Level 1 of the Orcish Mines
 17056 | Orc:1    | Found Deedgho's Distillery.
 17080 | Orc:1    | Noticed an orc warlord
 17095 | Orc:1    | Killed an orc warlord
 17103 | Orc:1    | Reached skill level 14 in Evocations
 17153 | Orc:1    | Found a burning altar of Makhleb.
 17239 | Orc:1    | Found Kitras's Food Shoppe.
 17314 | Orc:2    | Entered Level 2 of the Orcish Mines
 17314 | Orc:2    | Found Feamp's Antique Weapon Boutique.
 17374 | Orc:2    | Reached skill level 15 in Evocations
 17412 | Orc:2    | Found Suzxossa's Distillery.
 17433 | Orc:2    | Found Zefal's Antique Weapon Shop.
 17437 | Orc:2    | Found Xoixkagg's Armour Shop.
 17525 | Orc:1    | Found Xyafuow's Distillery.
 17829 | Orc:2    | Reached ****** piety under Trog
 17882 | Orc:2    | Found a roughly hewn altar of Beogh.
 17981 | Orc:2    | Found a staircase to the Elven Halls.
 18281 | Orc:2    | Bought a potion of haste for 150 gold pieces
 18281 | Orc:2    | Bought a potion of might for 60 gold pieces
 18281 | Orc:2    | Bought a potion of mutation for 120 gold pieces
 18281 | Orc:2    | Bought a potion of resistance for 150 gold pieces
 18281 | Orc:2    | Bought 2 potions of heal wounds for 150 gold pieces
 18281 | Orc:2    | Bought a potion of haste for 150 gold pieces
 18281 | Orc:2    | Bought a potion of resistance for 150 gold pieces
 18281 | Orc:2    | Bought a potion of haste for 150 gold pieces
 18303 | Orc:1    | Bought a potion of heal wounds for 60 gold pieces
 18303 | Orc:1    | Bought a potion of haste for 120 gold pieces
 18303 | Orc:1    | Bought 2 potions of might for 96 gold pieces
 18303 | Orc:1    | Bought a potion of might for 48 gold pieces
 18349 | Orc:1    | Bought a potion of haste for 180 gold pieces
 18349 | Orc:1    | Bought 2 potions of haste for 360 gold pieces
 18349 | Orc:1    | Bought a potion of invisibility for 144 gold pieces
 18349 | Orc:1    | Bought a potion of mutation for 144 gold pieces
 18431 | D:13     | Reached XP level 15. HP: 104/127 MP: 25/25
 18437 | D:13     | Reached skill level 6 in Armour
 18437 | D:13     | Reached skill level 6 in Dodging
 18444 | D:13     | Received a gift from Trog
 18452 | D:13     | Got a fine battleaxe {god gift}
 18453 | D:13     | Identified the +1 battleaxe "Zysis" {chop, -Tele rElec Str+2} (Trog gifted it to you on level 13 of the Dungeon)
 18489 | D:13     | Found Ijotio's Book Emporium.
 18509 | D:13     | Found Ocremumo's Jewellery Shop.
 18512 | D:13     | Found a flickering gateway to a bazaar.
 18518 | D:13     | Bought a cursed ring of loudness for 63 gold pieces
 18523 | Bazaar   | Entered a bazaar
 18523 | Bazaar   | Found Oqosy's Food Emporium.
 18523 | Bazaar   | Found Kyzipn's Armour Shoppe.
 18523 | Bazaar   | Found Hanin's Distillery.
 18525 | Bazaar   | Found Qer Own's Weapon Boutique.
 18525 | Bazaar   | Found Ifeosm's Book Shoppe.
 18567 | Bazaar   | Bought a potion of haste for 160 gold pieces
 18567 | Bazaar   | Bought a potion of cancellation for 128 gold pieces
 18610 | D:13     | Found Raareudgh's Jewellery Shoppe.
 18756 | D:13     | Found a gate to the Vaults.
 19106 | D:13     | Found a portal to a secret trove of treasure.
 19600 | D:14     | Reached skill level 7 in Armour
 19676 | D:14     | Received a gift from Trog
 19708 | D:14     | Reached skill level 11 in Fighting
 19774 | D:14     | Reached skill level 7 in Dodging
 20429 | D:15     | Entered Level 15 of the Dungeon
 20503 | D:15     | Found a staircase to the Depths.
 20684 | D:15     | Reached skill level 8 in Armour
 20728 | D:15     | Reached skill level 8 in Dodging
 21143 | D:15     | Found a shattered altar of Ashenzari.
 21182 | D:15     | Received a gift from Trog
 21185 | D:15     | Got a crude executioner's axe {god gift}
 21186 | D:15     | Identified the +7 executioner's axe "Vaycrih" {flame, rC+} (Trog gifted it to you on level 15 of the Dungeon)
 21278 | D:15     | Found a basalt altar of Yredelemnul.
 21337 | D:15     | Found a viscous altar of Jiyva.
 21346 | D:15     | Reached skill level 12 in Fighting
 21377 | D:15     | Reached skill level 9 in Armour
 21823 | Swamp:1  | Entered Level 1 of the Swamp
 22094 | Swamp:1  | Reached XP level 16. HP: 120/139 MP: 26/26
 22118 | Swamp:1  | Found a shimmering altar of Xom.
 22165 | Swamp:1  | Reached skill level 9 in Dodging
 22175 | Swamp:1  | Noticed Louise
 22207 | Swamp:1  | Cast into level 2 of the Abyss (Louise)
 22207 | Abyss:2  | Found a corrupted altar of Lugonu.
 22240 | Swamp:1  | Escaped the Abyss
 22254 | Swamp:1  | Killed Louise
 22696 | Swamp:2  | Paralysed by a hornet for 3 turns
 22842 | Swamp:2  | Reached skill level 21 in Axes
 22844 | Swamp:2  | Noticed Kirke
 22855 | Swamp:2  | Killed Kirke
 22890 | Swamp:2  | Identified the Reference Book on Hexes and Stones
 23262 | Swamp:2  | Reached skill level 10 in Armour
 23460 | Swamp:3  | Received a gift from Trog
 23626 | Swamp:3  | Noticed Nikola
 23638 | Swamp:3  | Killed Nikola
 23715 | Swamp:3  | Noticed a tentacled monstrosity
 23723 | Swamp:3  | Killed a tentacled monstrosity
 23758 | Swamp:3  | Reached skill level 13 in Fighting
 23798 | Swamp:3  | Reached skill level 10 in Dodging
 24122 | Swamp:3  | Found a snail-covered altar of Cheibriados.
 24438 | Swamp:4  | Entered Level 4 of the Swamp
 24438 | Swamp:4  | Noticed Jorgrun
 24456 | Swamp:4  | Killed Jorgrun
 24676 | Swamp:4  | Reached skill level 11 in Armour
 24903 | Swamp:4  | Noticed a thorn hunter
 24913 | Swamp:4  | Killed a thorn hunter
 24956 | Swamp:4  | Received a gift from Trog
 25470 | Swamp:4  | Received a gift from Trog
 25584 | Swamp:4  | HP: 35/145 [poisoned by a swamp dragon (poison gas)]
 25589 | Swamp:4  | HP: 26/145 [poisoned by a swamp dragon (poison gas)]
 25594 | Swamp:4  | HP: 22/145 [poisoned by a swamp dragon (poison gas)]
 25599 | Swamp:4  | HP: 19/145 [poisoned by a swamp dragon (poison gas)]
 25605 | Swamp:4  | HP: 17/145 [poisoned by a swamp dragon (poison gas)]
 25611 | Swamp:4  | HP: 16/145 [poisoned by a swamp dragon (poison gas)]
 25619 | Swamp:4  | HP: 17/145 [poisoned by a swamp dragon (poison gas)]
 25627 | Swamp:4  | HP: 17/145 [poisoned by a swamp dragon (poison gas)]
 25701 | Swamp:4  | Noticed the 27-headed Lernaean hydra
 25706 | Swamp:4  | Killed the 27-headed Lernaean hydra
 25706 | Swamp:4  | Reached skill level 11 in Dodging
 25706 | Swamp:4  | Reached XP level 17. HP: 53/151 MP: 27/27
 25967 | Swamp:4  | Received a gift from Trog
 25967 | Swamp:4  | Reached skill level 14 in Fighting
 26304 | Swamp:4  | Got a decaying rune of Zot
 26589 | Spider:1 | Entered Level 1 of the Spider Nest
 26698 | Spider:1 | Reached skill level 12 in Armour
 27205 | Spider:2 | Noticed Donald
 27214 | Spider:2 | Killed Donald
 27431 | Spider:2 | Noticed Agnes
 27439 | Spider:2 | Killed Agnes
 27498 | Spider:2 | Reached skill level 22 in Axes
 27504 | Spider:2 | Received a gift from Trog
 27697 | Spider:2 | Reached skill level 12 in Dodging
 29024 | Spider:3 | Reached skill level 13 in Armour
 29469 | Spider:3 | Found the +10 morningstar "Eos" {elec, Halo rElec}
 29619 | Spider:3 | Reached skill level 15 in Fighting
 29659 | Spider:4 | Entered Level 4 of the Spider Nest
 29929 | Spider:4 | Received a gift from Trog
 30028 | Spider:4 | Reached XP level 18. HP: 129/163 MP: 28/28
 30302 | Spider:4 | HP: 37/244 [disintegration (45)]
 30306 | Spider:4 | HP: 3/244 [disintegration (18)]
 30307 | Spider:4 | Succumbed to a ghost moth's poison

Vault maps used:
D:1:      dpeg_arrival_rooms_b, minmay_curled_crystal, minmay_tetromino_o2
D:2:      cheibrodos_pilgrimage, nicolae_overflow_crystal_walls
D:3:      kennysheep_slug_shrine, lemuel_round_altar
D:4:      minitemple
D:5:      chequers_temple_overflow_statue_of_worship, temple_green,
          first_ration, serial_shops, shop, uniq_menkaure, uniq_pikel,
          uniq_prince_ribbit1
D:6:      eat_drink_and_be_merry_uskayaw, gammafunk_temple_overflow_claw,
          dk_noncrumbling_3, uniq_blork_the_orc
D:7:      nicolae_lava_and_water, grunt_livestock
D:8:      kennysheep_mini_moat, uniq_erica
D:9:      erik_lair_dragon, trog_wizard
D:10:     minmay_cut_squares
D:11:     minmay_the_grid_octo_tiled_octocenter_mashed, kennysheep_kite_vault
D:12:     erik_orc_3, lab_entry_generic, kennysheep_decorative_pillar
D:13:     david_vaults_1, serial_shops, bzr_in_the_mist,
          nicolae_shop_waterfront, shop_fountains, nicolae_shop_statue_plus,
          enter_trove_5, minmay_liquid_box
D:14:     hangedman_abyss_or_decor_stagger
D:15:     gammafunk_depths_entry_grave, basic_altar, yredelemnul_altar_generic,
          jiyva_altar_1
Lair:1:   lemuel_fruit_fields
Lair:2:   dummy_spider_entry, uniq_fannar
Lair:3:   minmay_guarded_unrand_snakebite
Lair:4:   statuecave_lemuel, swamp_mist, grunt_megastairs_2,
          infiniplex_staircase_pool, serial_bayou_shore_a
Lair:5:   minmay_slime_entry_eyes
Lair:6:   guppyfry_lair_end_dragon, wormcave, infiniplex_staircase_pool_2
Swamp:1:  basic_altar, uniq_louise
Swamp:2:  evilmike_swamp_ruin_house_6, uniq_kirke
Swamp:3:  basic_altar, swamp_pool1, uniq_nikola
Swamp:4:  swamp_old_school, uniq_jorgrun
Spider:2: uniq_agnes, uniq_donald
Spider:3: worms_lemuel
Spider:4: grunt_spider_rune_circles, uniq_arachne
Orc:1:    basic_altar, serial_shops, shop_statue, shop, shop, shop
Orc:2:    st_orc_open, minmay_orc_temple_b
Bazaar:   bazaar_minmay_generic_island

Skill      XL: |  1  2  3  4  5  6  7  8  9 10 11 12 13 14 15 16 17 |
---------------+----------------------------------------------------+-----
Axes           | 4 5 6 7 8 9 11 13 14 17 19 20 21 22 | 22.4
Fighting       | 5 10 12 13 15 | 15.4
Armour         | 5 9 11 13 | 13.6
Dodging        | 5 8 11 12 | 12.8
Evocations     | 7 12 15 | 15.0

Action                   |  1- 3 |  4- 6 |  7- 9 | 10-12 | 13-15 | 16-18 || total
-------------------------+-------+-------+-------+-------+-------+-------++-------
Melee: Hand axe          |    96 |   113 |   141 |   207 |       |       ||   557
       Headbutt          |    10 |    29 |    39 |    96 |   266 |   161 ||   601
       War axe           |       |       |    53 |       |       |       ||    53
       Broad axe         |       |       |       |   310 |  1113 |       ||  1423
       Executioner's axe |       |       |       |       |    79 |   764 ||   843
Invok: Berserk           |     3 |     3 |     8 |    18 |     6 |    10 ||    48
       Trog's Hand       |       |       |     1 |     7 |     9 |    10 ||    27
       Brothers in Arms  |       |       |       |       |     2 |     6 ||     8
Evoke: Wand              |       |       |       |     1 |    22 |     9 ||    32
       Phantom mirror    |       |       |       |       |       |     1 ||     1
  Use: Scroll            |       |    12 |     6 |     4 |    13 |     6 ||    41
       Potion            |       |       |       |       |     2 |     5 ||     7
 Stab: Paralysed         |       |       |       |     3 |    14 |       ||    17
       Distracted        |       |       |       |       |     2 |     1 ||     3
       Confused          |       |       |       |       |       |     1 ||     1
  Eat: Chunk             |     2 |     9 |    11 |    29 |    32 |    20 ||   103
       Ration            |       |       |     1 |     3 |     6 |     6 ||    16
Armor: Chain mail        |    45 |    41 |    25 |       |       |       ||   111
       Animal skin       |     1 |       |       |       |       |       ||     1
       Pearl dragon scal |       |       |    46 |   182 |   111 |       ||   339
       Plate armour      |       |       |       |       |   532 |   608 ||  1140
Dodge: Dodged            |    56 |    46 |    57 |   246 |   814 |   835 ||  2054

Table legend:
 A = Spawn XP
 B = Non-spawn XP
 C = Spawn XP percentage of total XP
 D = Spawn monster count
 E = Non-spawn monster count
 F = Spawn count percentage of total count
 G = Total turns spent on level
                    A         B        C        D         E        F      G
               +---------+---------+-------+---------+---------+-------+---------
         Total |       0 |  303475 |   0.0 |       0 |    1181 |   0.0 | 30307
               +---------+---------+-------+---------+---------+-------+---------
           D:1 |       0 |      42 |   0.0 |       0 |      27 |   0.0 |   806
           D:2 |       0 |     183 |   0.0 |       0 |      27 |   0.0 |   723
           D:3 |       0 |     429 |   0.0 |       0 |      46 |   0.0 |   858
           D:4 |       0 |     176 |   0.0 |       0 |      14 |   0.0 |   461
           D:5 |       0 |    1730 |   0.0 |       0 |      20 |   0.0 |   679
           D:6 |       0 |    1023 |   0.0 |       0 |      23 |   0.0 |   832
           D:7 |       0 |    2604 |   0.0 |       0 |      24 |   0.0 |   944
           D:8 |       0 |    1323 |   0.0 |       0 |      10 |   0.0 |   786
           D:9 |       0 |    4024 |   0.0 |       0 |      40 |   0.0 |  1782
          D:10 |       0 |    6187 |   0.0 |       0 |      49 |   0.0 |   893
          D:11 |       0 |   13006 |   0.0 |       0 |      87 |   0.0 |  1245
          D:12 |       0 |    3142 |   0.0 |       0 |      42 |   0.0 |  1238
          D:13 |       0 |   11114 |   0.0 |       0 |      53 |   0.0 |   783
          D:14 |       0 |    8157 |   0.0 |       0 |      34 |   0.0 |  1216
          D:15 |       0 |   25523 |   0.0 |       0 |      55 |   0.0 |  1155
        Lair:1 |       0 |    5159 |   0.0 |       0 |      18 |   0.0 |   922
        Lair:2 |       0 |    5125 |   0.0 |       0 |      17 |   0.0 |   669
        Lair:3 |       0 |    5990 |   0.0 |       0 |      22 |   0.0 |   723
        Lair:4 |       0 |    4146 |   0.0 |       0 |      20 |   0.0 |   858
        Lair:5 |       0 |    7163 |   0.0 |       0 |      26 |   0.0 |   747
        Lair:6 |       0 |   18727 |   0.0 |       0 |      65 |   0.0 |  2161
       Swamp:1 |       0 |   12378 |   0.0 |       0 |      35 |   0.0 |   848
       Swamp:2 |       0 |    9217 |   0.0 |       0 |      22 |   0.0 |   777
       Swamp:3 |       0 |   17293 |   0.0 |       0 |      34 |   0.0 |  1009
       Swamp:4 |       0 |   39804 |   0.0 |       0 |      65 |   0.0 |  2051
      Spider:1 |       0 |   14913 |   0.0 |       0 |      44 |   0.0 |   751
      Spider:2 |       0 |   22761 |   0.0 |       0 |      50 |   0.0 |  1087
      Spider:3 |       0 |   11311 |   0.0 |       0 |      41 |   0.0 |  1232
      Spider:4 |       0 |   28691 |   0.0 |       0 |      65 |   0.0 |   648
         Orc:1 |       0 |    4140 |   0.0 |       0 |      24 |   0.0 |   465
         Orc:2 |       0 |   17994 |   0.0 |       0 |      82 |   0.0 |   874
               +---------+---------+-------+---------+---------+-------+---------

Vault maps used:
D:1:      dpeg_arrival_rooms_b, minmay_curled_crystal, minmay_tetromino_o2
D:2:      cheibrodos_pilgrimage, nicolae_overflow_crystal_walls
D:3:      kennysheep_slug_shrine, lemuel_round_altar
D:4:      minitemple
D:5:      chequers_temple_overflow_statue_of_worship, temple_green,
          first_ration, serial_shops, shop, uniq_menkaure, uniq_pikel,
          uniq_prince_ribbit1
D:6:      eat_drink_and_be_merry_uskayaw, gammafunk_temple_overflow_claw,
          dk_noncrumbling_3, uniq_blork_the_orc
D:7:      nicolae_lava_and_water, grunt_livestock
D:8:      kennysheep_mini_moat, uniq_erica
D:9:      erik_lair_dragon, trog_wizard
D:10:     minmay_cut_squares
D:11:     minmay_the_grid_octo_tiled_octocenter_mashed, kennysheep_kite_vault
D:12:     erik_orc_3, lab_entry_generic, kennysheep_decorative_pillar
D:13:     david_vaults_1, serial_shops, bzr_in_the_mist,
          nicolae_shop_waterfront, shop_fountains, nicolae_shop_statue_plus,
          enter_trove_5, minmay_liquid_box
D:14:     hangedman_abyss_or_decor_stagger
D:15:     gammafunk_depths_entry_grave, basic_altar, yredelemnul_altar_generic,
          jiyva_altar_1
Lair:1:   lemuel_fruit_fields
Lair:2:   dummy_spider_entry, uniq_fannar
Lair:3:   minmay_guarded_unrand_snakebite
Lair:4:   statuecave_lemuel, swamp_mist, grunt_megastairs_2,
          infiniplex_staircase_pool, serial_bayou_shore_a
Lair:5:   minmay_slime_entry_eyes
Lair:6:   guppyfry_lair_end_dragon, wormcave, infiniplex_staircase_pool_2
Swamp:1:  basic_altar, uniq_louise
Swamp:2:  evilmike_swamp_ruin_house_6, uniq_kirke
Swamp:3:  basic_altar, swamp_pool1, uniq_nikola
Swamp:4:  swamp_old_school, uniq_jorgrun
Spider:2: uniq_agnes, uniq_donald
Spider:3: worms_lemuel
Spider:4: grunt_spider_rune_circles, uniq_arachne
Orc:1:    basic_altar, serial_shops, shop_statue, shop, shop, shop
Orc:2:    st_orc_open, minmay_orc_temple_b
Bazaar:   bazaar_minmay_generic_island

Table legend:
 A = Turns spent in this place as a percentage of turns spent in the entire game.
 B = Non-inter-level travel turns spent in this place as a percentage of non-inter-level travel turns spent in the entire game.
 C = Inter-level travel turns spent in this place as a percentage of turns spent in this place.
 D = Turns resting spent in this place as a percentage of non-inter-level travel turns spent in this place.
 E = Turns spent auto-exploring this place as a percentage of non-inter-level travel turns spent in this place.
 F = Non-inter-level travel turns spent in this place divided by the number of levels of this place that you've seen.
                   A       B       C       D       E      F
               +-------+-------+-------+-------+-------+----------------------
         Total | 100.0 | 100.0 |   6.8 |  14.3 |  63.8 | 855.6
       Dungeon |  47.5 |  46.5 |   8.7 |  10.9 |  66.7 | 876.1
          Lair |  20.1 |  20.0 |   7.2 |  18.0 |  62.8 | 940.5
         Swamp |  15.5 |  15.9 |   4.0 |  24.7 |  55.1 | 1124.2
   Spider Nest |  12.3 |  13.1 |   0.6 |  12.7 |  63.8 | 923.8
  Orcish Mines |   4.4 |   4.2 |  12.2 |   0.0 |  70.2 | 587.5
         Abyss |   0.1 |   0.1 |   0.0 |   0.0 |   0.0 |  33.0
        Bazaar |   0.2 |   0.2 |   0.0 |   0.0 |  66.7 |  51.0
               +-------+-------+-------+-------+-------+----------------------

Table legend:
 A = Kills in this place as a percentage of kills in entire the game.
 B = Kills by you in this place as a percentage of kills by you in the entire game.
 C = Kills by friends in this place as a percentage of kills by friends in the entire game.
 D = Other kills in this place as a percentage of other kills in the entire game.
 E = Experience gained in this place as a percentage of experience gained in the entire game.
 F = Experience gained in this place divided by the number of levels of this place that you have seen.
                   A       B       C       D       E      F
               +-------+-------+-------+-------+-------+----------------------
         Total | 100.0 | 100.0 | 100.0 | 100.0 | 100.0 | 9196.2
       Dungeon |  46.7 |  47.1 |   0.0 |   0.0 |  25.9 | 5244.2
          Lair |  14.2 |  14.1 |  33.3 |   0.0 |  15.3 | 7718.3
         Swamp |  13.2 |  13.0 |  11.1 | 100.0 |  25.9 | 19673.0
   Spider Nest |  16.9 |  16.7 |  55.6 |   0.0 |  25.6 | 19419.0
  Orcish Mines |   9.0 |   9.1 |   0.0 |   0.0 |   7.3 | 11067.0
               +-------+-------+-------+-------+-------+----------------------
